 Dungeon Crawl Stone Soup version 0.21.1-1-g345015f (webtiles) character file.

909 pk666 the Magician (level 7, -1/36 HPs)
             Began as a Deep Elf Wizard on Feb 11, 2018.
             Was a Believer of Sif Muna.
             Slain by Grinder (4 damage)
             ... on level 6 of the Dungeon.
             The game lasted 00:19:46 (7315 turns).

pk666 the Magician (Deep Elf Wizard)                Turns: 7315, Time: 00:19:46

Health: -1/36      AC:  3    Str:  4    XL:     7   Next: 81%
Magic:  12/19      EV: 14    Int: 25    God:    Sif Muna [**....]
Gold:   288        SH:  0    Dex: 13    Spells: 11/20 levels left

rFire    . . .     SeeInvis .   z - +1 dagger (pain)
rCold    . . .     Gourm    .   (no shield)
rNeg     . . .     Faith    .   a - +0 robe
rPois    .         Spirit   .   b - +0 hat
rElec    .         Reflect  .   p - +0 cloak (curse)
rCorr    .         Harm     .   (no gloves)
MR       .....                  (no boots)
Stlth    ++........             (no amulet)
HPRegen  0.12/turn              (no ring)
MPRegen  0.16/turn              (no ring)

@: no status effects
A: no striking features
a: Divine Energy, Renounce Religion


You were on level 6 of the Dungeon.
You worshipped Sif Muna.
Sif Muna was pleased with you.
You were not hungry.

You visited 1 branch of the dungeon, and saw 6 of its levels.

You collected 288 gold pieces.

Inventory:

Hand Weapons
 w - a +0 dagger
 z - a +1 dagger of pain (weapon)
Armour
 a - a +0 robe (worn)
 b - a +0 hat (worn)
 p - a cursed +0 cloak (worn)
Jewellery
 v - an uncursed ring of resist corrosion {unknown}
Wands
 D - a wand of iceblast (10)
Scrolls
 e - 3 scrolls of magic mapping {unknown}
 f - 3 scrolls of teleportation {unknown}
 i - 3 scrolls of fog {unknown}
 j - 3 scrolls of amnesia {unknown}
 l - 3 scrolls of blinking {unknown}
 m - a scroll of enchant weapon {unknown}
 q - 4 scrolls of identify {unknown}
 r - a scroll of enchant armour {unknown}
 u - a scroll of remove curse {unknown}
 y - a scroll of random uselessness {unknown}
Potions
 g - a potion of curing {unknown}
 h - 2 potions of magic {unknown}
 k - a potion of lignification {unknown}
 n - a potion of degeneration {unknown}
 o - 2 potions of flight {unknown}
 s - a potion of heal wounds {unknown}
 t - a potion of might
 x - a potion of agility {unknown}
 A - a potion of haste {unknown}
 C - a potion of cancellation {unknown}
Books
 c - a book of Minor Magic

   Spells                             Type                      Level
   a - Magic Dart                     Conjuration                  1
   b - Blink                          Translocation                2
   c - Call Imp                       Summoning                    2
   d - Slow                           Hexes                        2
   e - Conjure Flame                  Conjuration/Fire             3
   f - Mephitic Cloud                 Conjuration/Poison/Air       3
 B - a book of Maledictions

   Spells                             Type                      Level
   a - Corona                         Hexes                        1
   b - Ensorcelled Hibernation        Hexes/Ice                    2
   c - Confuse                        Hexes                        3
   d - Tukima's Dance                 Hexes                        3
   e - Dazzling Spray                 Conjuration/Hexes            3
Comestibles
 d - 7 rations


   Skills:
 + Level 4.9 Dodging
 - Level 2.4 Stealth
 + Level 7.2 Spellcasting
 + Level 4.8 Conjurations
   Level 1.1 Summonings
 - Level 1.1 Translocations
 * Level 4.7 Fire Magic
 - Level 1.0 Air Magic
 - Level 2.0 Poison Magic


You had 11 spell levels left.
You knew the following spells:

 Your Spells              Type           Power        Failure   Level  Hunger
a - Magic Dart            Conj           ####         1%          1    None
b - Blink                 Tloc           N/A          6%          2    None
d - Conjure Flame         Conj/Fire      ####....     2%          3    None
z - Mephitic Cloud        Conj/Pois/Air  ###.....     7%          3    None


Dungeon Overview and Level Annotations

Branches:
Dungeon (6/15)             Temple (0/1) D:5

Altars:
Ashenzari
Okawaru
Ru
Sif Muna
Trog

Annotations:
D:4 pk666's ghost, amateur DEWz
D:5 Dowan; Duvessa
D:6 Grinder


Message History

Grinder gestures at you.
You suddenly lose the ability to move!
Grinder hits you but does no damage. Grinder hits you!
You writhe in agony.
Grinder hits you.
You writhe in agony.
Grinder gestures at you. Pain shoots through your body!
* * * LOW HITPOINT WARNING * * *
You can move again.
Casting: Magic Dart
Confirm with . or Enter, or press ? or * to list all spells.
Aiming: Magic Dart
Press: ? - help, Shift-Dir - straight line, f/p - Grinder
Aim: Grinder (almost dead)
The magic dart hits Grinder.
Grinder is almost dead.
Grinder hits you.
* * * LOW HITPOINT WARNING * * *
You writhe in agony.
You die...

#........##...........#
#........##...........#
.........##........_..###
..#########..........[...
### ######+.....###
#.#..#### #.#..##.###
#.........## ♣
###@......#..## ♣♣♣♣♣
#...5.........## ......
#.........#....## .♣♣♣♣♣
#........%....(.# ♣♣
#.........#.#.#.##
#..#...$.#.......#
#..#....#.......#
#...#...#.[......# #
#..#.........####


You could see Grinder.

Vanquished Creatures
  2 ice beasts
  Blork the orc (D:5)
  A bullfrog (D:5)
  A wyvern skeleton (D:6)
  A howler monkey (D:5)
  A crimson imp (D:5)
  A jelly (D:5)
  2 orc priests
  2 hounds
  3 orc wizards
  Jessica (D:3)
  A hound zombie (D:6)
  A hound skeleton (D:4)
  3 adders
  4 gnolls (D:3)
  2 shadow imps (D:5)
  2 oozes
  An adder zombie (D:5)
  An adder skeleton (D:4)
  A worm (D:3)
  A leopard gecko (D:5)
  11 orcs
  8 bats
  11 goblins
  7 hobgoblins
  15 jackals
  A ball python (D:3)
  4 frilled lizards
  A leopard gecko skeleton (D:6)
  9 rats
100 creatures vanquished.

Notes
Turn   | Place    | Note
-------+----------+-------------------------------------------
     0 | D:1      | pk666 the Deep Elf Wizard began the quest for the Orb.
     0 | D:1      | Reached XP level 1. HP: 10/10 MP: 7/7
   223 | D:1      | Reached XP level 2. HP: 15/15 MP: 6/9
   783 | D:1      | Reached skill level 5 in Spellcasting
  1242 | D:2      | Found an iron altar of Okawaru.
  1286 | D:2      | Reached XP level 3. HP: 15/19 MP: 2/11
  1357 | D:2      | Learned a level 2 spell: Blink
  1361 | D:2      | Learned a level 3 spell: Mephitic Cloud
  1365 | D:2      | Learned a level 3 spell: Conjure Flame
  1485 | D:2      | Found a deep blue altar of Sif Muna.
  1551 | D:2      | Became a worshipper of Sif Muna the Loreminder
  1810 | D:2      | You fall through a shaft for 2 floors!
  1819 | D:4      | Noticed an ogre
  1938 | D:5      | Entered Level 5 of the Dungeon
  1940 | D:5      | Noticed an ice beast
  2312 | D:4      | Noticed pk666's ghost (amateur DEWz)
  2568 | D:3      | Noticed Jessica
  2630 | D:3      | Found a bloodstained altar of Trog.
  2630 | D:3      | Noticed a moth of wrath
  2671 | D:3      | Reached XP level 4. HP: 23/24 MP: 8/13
  3188 | D:3      | Reached skill level 1 in Poison Magic
  3198 | D:3      | Killed Jessica
  3198 | D:3      | Reached skill level 1 in Air Magic
  3614 | D:3      | Reached skill level 1 in Fire Magic
  3614 | D:3      | Reached XP level 5. HP: 28/28 MP: 10/15
  4113 | D:4      | Found a sacrificial altar of Ru.
  4154 | D:4      | Reached * piety under Sif Muna
  4154 | D:4      | Reached skill level 6 in Spellcasting
  4529 | D:5      | Reached XP level 6. HP: 5/32 MP: 2/17
  4794 | D:5      | Found a staircase to the Ecumenical Temple.
  5095 | D:5      | Noticed Duvessa
  5095 | D:5      | Noticed Dowan
  5308 | D:5      | Noticed Blork the orc
  5316 | D:5      | Killed Blork the orc
  5873 | D:5      | Reached XP level 7. HP: 36/36 MP: 11/19
  6218 | D:5      | Reached skill level 7 in Spellcasting
  6466 | D:6      | Noticed Grinder
  6473 | D:6      | Paralysed by Grinder for 3 turns
  6861 | D:6      | Reached ** piety under Sif Muna
  7129 | D:6      | Found a shattered altar of Ashenzari.
  7310 | D:6      | Paralysed by Grinder for 5 turns
  7315 | D:6      | Slain by Grinder

Skill      XL: |  1  2  3  4  5  6  7 |
---------------+----------------------+-----
Conjurations   | 2 3 4 |  4.8
Spellcasting   | 5 6 7 |  7.2
Dodging        | 3 4 |  4.9
Poison Magic   | 1 2 |  2.0
Air Magic      | 1 |  1.0
Fire Magic     | 1 2 3 4 |  4.7
Stealth        | |  2.4
Summonings     | |  1.1
Translocations | |  1.1

Action                   |  1- 3 |  4- 6 |  7- 9 || total
-------------------------+-------+-------+-------++-------
Melee: Unarmed           |     3 |     1 |       ||     4
       Dagger            |       |    17 |       ||    17
 Cast: Magic Dart        |    91 |   168 |   108 ||   367
       Blink             |     6 |       |     4 ||    10
       Conjure Flame     |     2 |     9 |     4 ||    15
       Mephitic Cloud    |       |     6 |     3 ||     9
 Stab: Confused          |       |     2 |       ||     2
  Eat: Chunk             |     4 |    11 |     1 ||    16
       Ration            |       |       |     1 ||     1
Armor: Robe              |    11 |     8 |     4 ||    23
Dodge: Dodged            |    42 |    37 |    28 ||   107
